 Dungeon Crawl Stone Soup version 0.31-a0-986-g5e6e4ef867 (webtiles) character file.

Game seed: 7356159969808995102

8330 wildpjah the Carver (level 11, -5/67 HPs)
             Began as a Tengu Gladiator on Nov 21, 2023.
             Was a High Priest of Okawaru.
             Slain by a seven-headed hydra (6 damage)
             ... on level 10 of the Dungeon.
             The game lasted 00:15:17 (7936 turns).

wildpjah the Carver (Tengu Gladiator)               Turns: 7936, Time: 00:15:19

Health: -5/67      AC: 10    Str: 23    XL:     11   Next: 29%
Magic:  0/12       EV: 22    Int:  9    God:    Okawaru [*****.]
Gold:   219        SH:  7    Dex: 27    Spells: 10/10 levels left

rFire   x . .        H - +7 long sword "Veuwomag" {heavy, *Slow rElec Dex+2}
rCold   + . .        k - +0 buckler
rNeg    . . .        M - +3 ring mail {rPois}
rPois   +            c - +0 hat
rElec   +            f - +0 cloak
rCorr   +            (no gloves)
SInv    +            (boots unavailable)
Will    .....        l - amulet of Cuwer {Spirit +Inv}
Stlth   +++          y - ring of Qochuoq {Ice *Slow rCorr Str+8 SInv}
HPRegen 0.31/turn    A - +6 ring of dexterity
MPRegen 0.13/turn

%: slow self (2%), acrobat, guardian spirit
@: attractive, flying
A: beak, talons 3, evasive flight, acrobatic
a: Renounce Religion, Evoke Invisibility, Heroism, Finesse, Duel


You were on level 10 of the Dungeon.
You worshipped Okawaru.
Okawaru was extremely pleased with you.
You visited 3 branches of the dungeon, and saw 12 of its levels.

You collected 494 gold pieces.
You spent 275 gold pieces at shops.

Inventory:

Hand Weapons
 a - a +0 long sword
 z - a +0 spectral long sword
 G - a +0 short sword of venom
 H - the +7 long sword "Veuwomag" (weapon) {heavy, *Slow rElec Dex+2}
   (You found it on level 7 of the Dungeon)

   Dex+2:     It affects your dexterity (+2).
   rElec:     It insulates you from electricity.
   *Slow:     It may slow you when you take damage.
 J - a +3 falchion
 T - a +5 heavy scimitar
Missiles
 d - a throwing net
 e - a javelin
Armour
 b - a +0 leather armour
 c - a +0 hat (worn)
 f - a +0 cloak (worn)
 k - a +0 buckler (worn)
 M - a +3 ring mail of poison resistance (worn)
Jewellery
 l - the amulet of Cuwer (around neck) {Spirit +Inv}
   (You found it on level 2 of the Dungeon)

   [amulet of guardian spirit]

   Spirit:    It causes incoming damage to be divided between your reserves of
   health and magic.
   +Inv:      It lets you turn invisible.
 n - a +5 ring of evasion
 y - the ring of Qochuoq (left hand) {Ice *Slow rCorr Str+8 SInv}
   (You found it on level 5 of the Dungeon)

   [ring of ice]

   Ice:       It enhances your ice magic.
   Str+8:     It affects your strength (+8).
   rF-:       It makes you vulnerable to fire.
   rC+:       It protects you from cold.
   SInv:      It lets you see invisible.
   rCorr:     It protects you from acid and corrosion.
   *Slow:     It may slow you when you take damage.
 A - a +6 ring of dexterity (right hand)
 C - an amulet of faith
 O - a ring of resist corrosion
Wands
 F - a wand of polymorph (33)
 S - a wand of paralysis (3)
Scrolls
 g - a scroll of vulnerability {unknown}
 i - a scroll of torment {unknown}
 j - 2 scrolls of enchant weapon {unknown}
 o - a scroll of amnesia {unknown}
 p - 7 scrolls of teleportation {unknown}
 t - a scroll of fear {unknown}
 u - 2 scrolls of noise {unknown}
 w - a scroll of brand weapon {unknown}
 B - 3 scrolls of enchant armour {unknown}
 E - a scroll of blinking {unknown}
 I - a scroll of poison {unknown}
 L - a scroll of immolation {unknown}
 N - a scroll of fog {unknown}
 P - a scroll of identify {unknown}
Potions
 h - a potion of berserk rage {unknown}
 m - a potion of lignification {unknown}
 q - 4 potions of curing
 r - a potion of resistance {unknown}
 s - 2 potions of invisibility {unknown}
 v - 2 potions of degeneration {unknown}
 x - 2 potions of enlightenment {unknown}
 K - a potion of cancellation {unknown}
 Q - a potion of might {unknown}
 R - a potion of attraction


   Skills:
 + Level 7.2 Fighting
 + Level 11.7 Long Blades
 + Level 3.2 Throwing
 + Level 5.6 Armour
 + Level 8.0 Dodging
 + Level 5.9 Stealth
 + Level 5.1 Shields
 + Level 1.5 Evocations


You had 10 spell levels left.
You didn't know any spells.
Your spell library contained the following spells:

 Spells                   Type           Power      Damage    Failure   Level
 Apportation              Tloc           0%         N/A       58%         1
 Magic Dart               Conj           0%         1d3       58%         1
 Necrotise                Necr           0%         1d4       58%         1
 Sting                    Tmut/Pois      0%         1d3       58%         1
 Scorch                   Fire           0%         2d5       73%         2
 Mephitic Cloud           Conj/Pois/Air  0%         N/A       91%         3
 Brom's Barrelling Bould  Conj/Erth      0%         2d3       100%        4
 Flame Wave               Conj/Fire      0%         2d4       100%        4
 Fireball                 Conj/Fire      0%         3d3       100%        5
 Iskenderun's Battlesphe  Conj           0%         2d6       100%        5
 Conjure Ball Lightning   Conj/Air       0%         3x3d6     100%        6
 Starburst                Conj/Fire      0%         6d3       100%        6
 Orb of Destruction       Conj           0%         9d5       100%        7
 Summon Small Mammal      Summ           Unusable   N/A       N/A         1
 Call Imp                 Summ           Unusable   N/A       N/A         2

Dungeon Overview and Level Annotations

Branches:
Dungeon (10/15)            Temple (1/1) D:4            Lair (1/5) D:8
    Orc: D:9-12

Altars:
Ashenzari
Cheibriados
Dithmenos
Elyvilon
Fedhas
Gozag
Hepliaklqana
Kikubaaqudgha
Makhleb
Nemelex Xobeh
Okawaru
Qazlal
Ru
Sif Muna
Trog
Uskayaw
Vehumet
Xom
Yredelemnul
Zin
The Shining One

Shops:
D:1 [   D:6 **

Annotations:
D:7 3 runed translucent doors, LeprechaunX's ghost, novice OpSh


Innate Abilities, Weirdness & Mutations

You have a beak for a mouth.
You have claws for feet.
Your magical flight helps you evade attacks. (EV +4)
You can magically evade attacks while moving or waiting.


Message History

The sixfirhy shocks you. You resist.
* * * LOW HITPOINT WARNING * * *
The sixfirhy closely misses you. You block the sixfirhy's attack.
The sixfirhy misses you.
The soul eater draws from the surrounding life force!
* * * LOW HITPOINT WARNING * * *
The shadow imp hits you but does no damage.
The kobold demonologist looks encouraged for a moment.
The sixfirhy barely misses you.
The seven-headed hydra barely misses you.
The seven-headed hydra bites you but does no damage.
The seven-headed hydra barely misses you.
You block the seven-headed hydra's attack. x2
The seven-headed hydra barely misses you.
The seven-headed hydra misses you.
You feel much better. The sixfirhy misses you.
The sixfirhy completely misses you. The shadow imp misses you.
The kobold demonologist misses you. The seven-headed hydra bites you!
* * * LOW HITPOINT WARNING * * *
The seven-headed hydra misses you.
The seven-headed hydra barely misses you.
The seven-headed hydra completely misses you.
You block the seven-headed hydra's attack.
The seven-headed hydra completely misses you.
The seven-headed hydra bites you!
* * * LOW HITPOINT WARNING * * *
You barely miss the kobold demonologist.
Your kick misses the kobold demonologist.
The kobold demonologist is almost dead.
The shadow imp hits you.
* * * LOW HITPOINT WARNING * * *
You block the kobold demonologist's attack.
The seven-headed hydra completely misses you.
The seven-headed hydra misses you.
The seven-headed hydra completely misses you. x2
The seven-headed hydra bites you.
* * * LOW HITPOINT WARNING * * *
The seven-headed hydra closely misses you.
The seven-headed hydra bites you!
You die...

### ##### #.#
####...####.##############
#..............553O4.O3..#
...#...........53K#####..#
.........###'###@.# .....
.........# #.# #D## #
.#..... .........###.###.#
.. .O...K.
.........+.._..'.# ..# #.
#### .........#######†#
#.# .O .........# ###
#.###.#####
.........#######.##.....o
.....................# ###
.........####........# O.$


You could see a seven-headed hydra, a soul eater (summoned), an ice devil
(summoned), a kobold demonologist, a sixfirhy (summoned), an ogre, an iron imp
(summoned), a shadow imp (summoned) and an ufetubus (summoned).

Vanquished Creatures
  A two-headed ogre (D:10)
  A deep elf pyromancer (D:10)
  A cyclops (D:7)
  A manticore (D:10)
  Maggie (D:7)
  A kobold demonologist (D:8)
  A tengu conjurer (D:10)
  A troll (D:9)
  Sigmund (D:6)
  A wraith (D:10)
  4 wyverns
  6 yaks (D:9)
  A steam dragon (D:8)
  Edmund (D:5)
  Menkaure (D:6)
  3 water moccasins
  2 orc warriors (D:9)
  An ice beast (D:6)
  2 ogres
  2 centaurs
  A phantom (D:5)
  13 kobold brigands
  A bullfrog (D:7)
  2 scorpions
  A gnoll sergeant (D:7)
  7 wights
  4 killer bees (D:9)
  2 howler monkeys (D:7)
  A gnoll bouda (D:7)
  6 orc priests
  2 hounds
  2 sleepcaps
  4 iguanas
  8 orc wizards
  6 adders
  3 ufetubi
  A worm (D:2)
  7 dart slugs
  30 orcs
  3 bats
  7 endoplasms
  4 giant cockroaches
  10 goblins
  5 hobgoblins
  6 jackals (D:2)
  26 kobolds
  8 quokkas
  6 ball pythons
  3 frilled lizards
  14 rats
226 creatures vanquished.

Notes
Turn   | Place    | Note
-------+----------+-------------------------------------------
     0 | D:1      | wildpjah the Tengu Gladiator began the quest for the Orb.
     0 | D:1      | Reached XP level 1. HP: 12/12 MP: 2/2
   145 | D:1      | Reached XP level 2. HP: 17/17 MP: 3/3
   248 | D:1      | Reached XP level 3. HP: 20/22 MP: 4/4
   258 | D:1      | Got Sif Muna's Compendium of the Dragon and Filth
   366 | D:1      | Found Elentez's Armour Shop.
   375 | D:1      | Bought a +0 buckler for 45 gold pieces
   786 | D:2      | Reached XP level 4. HP: 27/27 MP: 5/5
   915 | D:2      | Identified the amulet of Cuwer {Spirit +Inv}
  1054 | D:2      | Found a white marble altar of Elyvilon.
  1109 | D:2      | Reached skill level 4 in Long Blades
  1217 | D:3      | Reached skill level 1 in Armour
  1424 | D:3      | Reached XP level 5. HP: 32/32 MP: 6/6
  1611 | D:3      | Found a sparkling altar of Nemelex Xobeh.
  2604 | D:4      | Found a staircase to the Ecumenical Temple.
  2615 | Temple   | Entered the Ecumenical Temple
  2878 | D:5      | Identified the "Plog"
  2878 | D:5      | Identified the of Omaqera
  2878 | D:5      | Identified the "Xautiele"
  2878 | D:5      | Entered Level 5 of the Dungeon
  2995 | D:5      | Reached XP level 6. HP: 25/37 MP: 5/7
  3091 | D:5      | Noticed Edmund
  3107 | D:5      | Killed Edmund
  3108 | D:5      | Reached skill level 5 in Long Blades
  3108 | D:5      | Reached skill level 1 in Stealth
  3108 | D:5      | Reached skill level 1 in Shields
  3254 | D:5      | Gained mutation: Your magical flight helps you evade
                  | attacks. (EV +4) [Tengu growth]
  3254 | D:5      | Reached XP level 7. HP: 8/42 MP: 5/8
  3441 | D:5      | Found a white marble altar of Elyvilon.
  3447 | D:5      | Found a glowing golden altar of the Shining One.
  3451 | D:5      | Found a glowing silver altar of Zin.
  3581 | D:5      | Identified the ring of Qochuoq {Ice *Slow rCorr Str+8 SInv}
  3618 | D:5      | Reached skill level 6 in Long Blades
  3618 | D:5      | Reached skill level 5 in Dodging
  3760 | D:5      | Found an iron altar of Okawaru.
  3767 | D:5      | Became a worshipper of Warmaster Okawaru
  3887 | D:5      | Found a shimmering blue altar of Sif Muna.
  4134 | D:6      | Found Kilimam's General Store.
  4273 | D:6      | Found a sacrificial altar of Ru.
  4291 | D:6      | Reached XP level 8. HP: 48/48 MP: 9/9
  4382 | D:6      | Noticed Sigmund
  4390 | D:6      | Killed Sigmund
  4390 | D:6      | Reached * piety under Okawaru
  4391 | D:6      | Reached skill level 7 in Long Blades
  4429 | D:6      | Found a basalt altar of Yredelemnul.
  4443 | D:6      | Noticed Menkaure
  4450 | D:6      | Killed Menkaure
  4711 | D:6      | Found Vycaxkuu's General Store.
  4956 | D:7      | Identified the +7 long sword "Veuwomag" {heavy, *Slow rElec
                  | Dex+2}
  4973 | D:7      | Noticed a cyclops
  4988 | D:7      | Reached ** piety under Okawaru
  4989 | D:7      | Reached skill level 8 in Long Blades
  4989 | D:7      | Reached XP level 9. HP: 16/53 MP: 4/10
  4994 | D:7      | Reached skill level 5 in Fighting
  5026 | D:7      | Killed a cyclops
  5305 | D:7      | Reached *** piety under Okawaru
  5403 | D:7      | Noticed Maggie
  5408 | D:7      | Killed Maggie
  5409 | D:7      | Reached skill level 9 in Long Blades
  5512 | D:7      | Reached skill level 1 in Evocations
  5608 | D:7      | Found a runed translucent gate.
  5608 | D:7      | Found a runed translucent gate.
  5608 | D:7      | Found a runed translucent gate.
  5613 | D:7      | Noticed LeprechaunX's ghost (novice OpSh)
  5985 | D:8      | Reached XP level 10. HP: 57/60 MP: 11/11
  6006 | D:8      | Found a stormy altar of Qazlal.
  6129 | D:8      | Found a staircase to the Lair.
  6324 | D:1      | Bought a +3 ring mail of poison resistance for 230 gold
                  | pieces
  6529 | D:14     | Identified the of Tuzxec
  6529 | Lair:1   | Entered Level 1 of the Lair of Beasts
  6648 | D:8      | Reached **** piety under Okawaru
  6784 | D:8      | Noticed a kobold demonologist
  6795 | D:8      | Killed a kobold demonologist
  6796 | D:8      | Reached skill level 10 in Long Blades
  6815 | D:8      | Reached skill level 5 in Stealth
  6999 | D:9      | Found a shadowy altar of Dithmenos.
  7118 | D:9      | Reached ***** piety under Okawaru
  7142 | D:9      | Reached skill level 11 in Long Blades
  7360 | D:9      | Found a burning altar of Makhleb.
  7360 | D:9      | Noticed a green death
  7392 | D:9      | Received a gift from Okawaru
  7393 | D:9      | Reached skill level 5 in Armour
  7622 | D:9      | Found an ancient bone altar of Kikubaaqudgha.
  7694 | D:10     | Entered Level 10 of the Dungeon
  7694 | D:10     | Found a bloodstained altar of Trog.
  7703 | D:10     | Reached XP level 11. HP: 66/66 MP: 12/12
  7800 | D:10     | Noticed a two-headed ogre
  7804 | D:10     | Killed a two-headed ogre
  7810 | D:10     | Reached skill level 5 in Shields
  7819 | D:10     | Noticed a seven-headed hydra
  7855 | D:10     | Found a broken altar of Ashenzari.
  7871 | D:10     | Noticed a two-headed ogre
  7873 | D:10     | Noticed a manticore
  7888 | D:10     | Killed a manticore
  7906 | D:10     | Noticed a deep elf pyromancer
  7920 | D:10     | Noticed a soul eater
  7923 | D:10     | Killed a deep elf pyromancer
  7932 | D:10     | Noticed a sixfirhy
  7936 | D:10     | HP: 1/67 [seven-headed hydra (3)]
  7936 | D:10     | Slain by a seven-headed hydra

Illustrated notes

Levels and vault maps discovered:
D:1:      onia_arrival_mini_maze, layout_rooms, serial_shops,
          nicolae_shop_hallway_plus, minmay_close_crescents
D:2:      layout_rooms, basic_altar, kennysheep_generic_room_11
D:3:      layout_basic, old_standard_altar
D:4:      layout_loops_corners, minmay_temple_entry_fiery
D:5:      layout_cave_pods, good_gods_temple_1,
          hellmonk_okawaru_the_only_friend_you_need, lemuel_blue_sif_altar,
          uniq_edmund
D:6:      layout_basic, nicolae_ru_awakened_eye, lemuel_crystal_altar,
          serial_shops, nicolae_shop_advertising_works
          [nicolae_subvault_shop_adworks], kennysheep_mini_moat, uniq_menkaure,
          uniq_sigmund
D:7:      layout_basic, gammafunk_ghost_necromancy, minmay_chambers_of_fives,
          uniq_maggie
D:8:      layout_basic, nicolae_qazlal_style_of_elements, lair_entry_dummy,
          special_room [special_room_kobold]
D:9:      layout_gridville, mainiacjoe_overflow_catwalk,
          makhleb_altar_promises_db, lemuel_round_altar, minmay_misc_feat_alley
D:10:     minmay_the_grid_square_5x5_4x4 [minmay_the_grid_square_5x5_two,
          minmay_the_grid_square_5x5_two_walls_a,
          minmay_the_grid_square_5x5_percent, minmay_the_grid_square_5x5_lines,
          minmay_the_grid_square_5x5_comb,
          minmay_the_grid_square_5x5_prize_junk,
          minmay_the_grid_square_5x5_prize_monsterx,
          minmay_the_grid_square_5x5_six, minmay_the_grid_square_5x5_longway,
          minmay_the_grid_square_5x5_prize_snowflake,
          minmay_the_grid_square_5x5_prize_waves,
          minmay_the_grid_square_5x5_dogpile, minmay_the_grid_square_5x5_corner,
          minmay_the_grid_square_5x5_spiral,
          minmay_the_grid_square_5x5_eight_small,
          minmay_the_grid_square_5x5_detours], layout_rooms,
          lemuel_doored_altar, nicolae_overflow_hidden_temple, bloody_trog,
          uniq_lodul, uniq_grum
Temple:   hellmonk_temple_of_storms
Lair:1:   layout_small_grid, grunt_megastairs_5

Skill      XL: |  1  2  3  4  5  6  7  8  9 10 11 |
---------------+----------------------------------+-----
Fighting       | 3 4 6 7 |  7.2
Long Blades    | 4 5 6 8 9 11 | 11.7
Armour         | 1 2 3 4 5 |  5.6
Dodging        | 4 5 6 7 8 |  8.0
Stealth        | 1 2 4 5 |  5.9
Shields        | 1 2 3 4 5 |  5.1
Evocations     | 1 |  1.5
Throwing       | 3 |  3.2

Action                     |  1- 3 |  4- 6 |  7- 9 | 10-12 || total
---------------------------+-------+-------+-------+-------++-------
  Melee: Long sword        |    70 |   133 |   161 |   135 ||   499
         Kick              |    19 |    36 |    52 |    41 ||   148
         Peck              |     8 |    20 |    28 |    25 ||    81
         Punch             |     1 |       |       |       ||     1
  Throw: Throwing net      |       |     2 |     2 |       ||     4
         Javelin           |       |       |     1 |     1 ||     2
 Invoke: Heroism           |       |       |       |     1 ||     1
Ability: Evoke Invisibilit |       |       |     1 |       ||     1
    Use: Potion            |       |       |     2 |     3 ||     5
   Stab: Sleeping          |     1 |     2 |     6 |     3 ||    12
         Invisible         |       |       |     1 |       ||     1
         Held in net/web   |       |       |     1 |       ||     1
 Armour: Leather armour    |    25 |    58 |    52 |       ||   135
         Ring mail         |       |       |       |    64 ||    64
  Dodge: Dodged            |    46 |   112 |   204 |   158 ||   520
  Block: Buckler           |     3 |    26 |    58 |    72 ||   159

Table legend: (Time is in decaauts)
 A = Elapsed time spent in this place.
 B = Non-inter-level travel time spent in this place.
 C = Inter-level travel time spent in this place.
 D = Time resting spent in this place.
 E = Time spent auto-exploring this place.
 F = Levels seen in this place.
 G = Mean time per level.
                   A        B        C        D        E       F      G
               +--------+--------+--------+--------+--------+-----+--------+
         Total |   8075 |   7487 |    588 |    141 |   5952 |  12 |  672.9 |
       Dungeon |   8048 |   7460 |    588 |    141 |   5929 |  10 |  804.8 |
        Temple |     24 |     24 |      0 |      0 |     23 |   1 |   24.0 |
          Lair |      1 |      1 |      0 |      0 |      0 |   1 |    1.0 |
               +--------+--------+--------+--------+--------+-----+--------+

Top non-repeatable levels by time:
     D:5: 1261 daAuts
     D:4: 967 daAuts
     D:8: 942 daAuts
     D:7: 904 daAuts
     D:9: 818 daAuts
     D:3: 804 daAuts
     D:6: 791 daAuts
     D:1: 776 daAuts
     D:2: 556 daAuts
    D:10: 225 daAuts
  Temple: 24 daAuts
  Lair:1: 1 daAuts
